 Dungeon Crawl Stone Soup version 0.29-a0-643-ga013cefcf8 (webtiles) character file.

Game seed: 15822254271212988394

74 avis the Chiller (level 3, -1/26 HPs)
             Began as a Demigod Ice Elementalist on June 19, 2022.
             Slain by Grinder (6 damage)
             ... on level 3 of the Dungeon.
             The game lasted 00:07:11 (2166 turns).

avis the Chiller (Demigod Ice Elementalist)         Turns: 2166, Time: 00:07:12

Health: -1/26      AC:  2    Str:  9    XL:     3   Next: 85%
Magic:  8/8        EV: 12    Int: 17    God:
Gold:   113        SH:  4    Dex: 18    Spells: 2/6 levels left

rFire   . . .      SeeInvis .   b - +0 hunting sling
rCold   . . .      Faith    .   q - +0 buckler
rNeg    . . .      Spirit   .   g - +0 robe
rPois   .          Reflect  .   (no helmet)
rElec   .          Harm     .   (no cloak)
rCorr   .          Rampage  .   (no gloves)
Will    .....                   (no boots)
Stlth   ++........              (no amulet)
HPRegen 0.08/turn               (no ring)
MPRegen 0.11/turn               (no ring)

@: no status effects
A: high MP 1, forlorn, divine attributes
a: no special abilities


You were on level 3 of the Dungeon.
You visited 1 branch of the dungeon, and saw 3 of its levels.

You collected 113 gold pieces.

Inventory:

Hand Weapons
 a - a +0 short sword
 b - a +0 hunting sling (weapon)
Missiles
 m - 2 throwing nets
Armour
 g - a +0 robe (worn)
 q - a +0 buckler (worn)
Scrolls
 d - 2 scrolls of identify {unknown}
 f - a scroll of teleportation {unknown}
 j - 2 scrolls of noise {unknown}
 l - a scroll of poison {unknown}
 r - a scroll of blinking {unknown}
 s - a scroll of enchant weapon {unknown}
Potions
 c - a potion of might {unknown}
 e - 2 potions of mutation {unknown}
 h - a potion of magic
 i - a potion of lignification {unknown}
 k - a potion of haste {unknown}
 n - a potion of cancellation {unknown}
 o - 2 potions of curing {unknown}
 p - a potion of degeneration {unknown}


   Skills:
 - Level 1.7 Dodging
 - Level 1.7 Stealth
 - Level 2.0 Spellcasting
 * Level 5.1 Ice Magic


You had 2 spell levels left.
You knew the following spells:

 Your Spells              Type           Power      Damage    Failure   Level
a - Freeze                Ice            76%        1d9       3%          1
o - Ozocubu's Armour      Ice            19%        N/A       10%         3

Your spell library contained the following spells:

 Spells                   Type           Power      Damage    Failure   Level
 Frozen Ramparts          Ice            38%        1d5       10%         3
 Hailstorm                Conj/Ice       10%        3d5       67%         4
 Metabolic Englaciation   Hex/Ice        5%         N/A       95%         5
 Simulacrum               Ice/Necr       5%         N/A       100%        6


Dungeon Overview and Level Annotations

Branches:
Dungeon (3/15)

Annotations:
D:3 Grinder


Innate Abilities, Weirdness & Mutations

You have an increased reservoir of magic. (+10% MP)
You shall have no god before yourself.
Your divine heritage dramatically boosts your attributes as you level up.


Message History

Fire: b) +0 hunting sling
Press: ? - help, Q - select action, (/) - cycle Shift-Dir - straight line, f/p - frilled lizard
Aim: a frilled lizard (38% to hit)
You shoot a sling bullet.
The sling bullet closely misses the frilled lizard.
Casting: Freeze (safe; 3% risk of failure)
Confirm with . or Enter, or press ? or * to list all spells.
Aiming: Freeze (safe; 3% risk of failure)
Press: ? - help, Shift-Dir - straight line, f/p - frilled lizard
Aim: a frilled lizard You freeze the frilled lizard.
The frilled lizard is heavily wounded.
The frilled lizard seems to slow down.
The frilled lizard misses you.
Casting: Freeze (safe; 3% risk of failure)
Confirm with . or Enter, or press ? or * to list all spells.
Aiming: Freeze (safe; 3% risk of failure)
Press: ? - help, Shift-Dir - straight line, f/p - frilled lizard
Aim: a frilled lizard (slow)
You freeze the frilled lizard.
You kill the frilled lizard!
Magic restored.
There is a stone staircase leading down here.
You climb downwards.
Level annotation: Grinder
There is a stone staircase leading up here.
There is a stone staircase leading up here.
You climb upwards.
There is a stone staircase leading down here.
There is an escape hatch in the floor here.
You slide downwards.
The hatch slams shut behind you.
Level annotation: Grinder Grinder gestures at you.
Pain shoots through your body!
Ouch! That really hurt!
There is a stone staircase leading up here.
The orc shouts!
Grinder hits you!
* * * LOW HITPOINT WARNING * * *
You writhe in agony.
You die...

### ##.#
#######..# ###
#.....<†.# ...
#.....##.##.####.
#................
#.....###.#.####
#######)o...#
#.@5..# #.>...#
#$....# #.....#
#.$...# #.....#
#...!.# #######


You could see Grinder and an orc.

Vanquished Creatures
  4 adders (D:2)
  A worm (D:2)
  A dart slug (D:2)
  An endoplasm (D:1)
  2 giant cockroaches
  4 hobgoblins
  7 jackals
  A quokka (D:1)
  A ball python (D:2)
  2 bats
  3 frilled lizards
  A goblin (D:1)
  3 kobolds
  2 rats (D:1)
33 creatures vanquished.

Notes
Turn   | Place    | Note
-------+----------+-------------------------------------------
     0 | D:1      | avis the Demigod Ice Elementalist began the quest for the
                  | Orb.
     0 | D:1      | Reached XP level 1. HP: 14/14 MP: 5/5
   323 | D:1      | Reached skill level 4 in Ice Magic
   468 | D:1      | Reached XP level 2. HP: 20/20 MP: 5/7
  1369 | D:2      | Reached XP level 3. HP: 18/26 MP: 8/8
  1467 | D:2      | Learned a level 3 spell: Ozocubu's Armour
  1663 | D:2      | Reached skill level 5 in Ice Magic
  2006 | D:3      | Noticed Grinder
  2007 | D:3      | Paralysed by Grinder for 3 turns
  2166 | D:3      | Slain by Grinder

Illustrated notes

Levels and vault maps discovered:
D:1:      lemuel_arrival_tunnels, layout_basic,
          chequers_ecumenical_altar_island, hangedman_decor_push,
          grunt_decor_cap
D:2:      layout_basic, chequers_avenue, minmay_misc_feat_iff,
          kennysheep_another_room, minivault_26
D:3:      layout_rooms, uniq_grinder

Skill      XL: |  1  2  3 |
---------------+----------+-----
Ice Magic      | 4 5 |  5.1
Spellcasting   | 2 |  2.0
Dodging        | |  1.7
Stealth        | |  1.7

Action                   || total
-------------------------++-------
 Fire: Hunting sling     ||    61
 Cast: Freeze            ||    39
Armor: Robe              ||    10
Dodge: Dodged            ||    31

Table legend: (Time is in decaauts)
 A = Elapsed time spent in this place.
 B = Non-inter-level travel time spent in this place.
 C = Inter-level travel time spent in this place.
 D = Time resting spent in this place.
 E = Time spent auto-exploring this place.
 F = Levels seen in this place.
 G = Mean time per level.
                   A        B        C        D        E       F      G
               +--------+--------+--------+--------+--------+-----+--------+
         Total |   2199 |   1956 |    243 |    243 |   1380 |   3 |  733.0 |
       Dungeon |   2199 |   1956 |    243 |    243 |   1380 |   3 |  733.0 |
               +--------+--------+--------+--------+--------+-----+--------+

Top non-repeatable levels by time:
     D:1: 1149 daAuts
     D:2: 1010 daAuts
     D:3: 39 daAuts
